 Dungeon Crawl Stone Soup version 0.28-a0-122-gfd0ec89410 (webtiles) character file.

Game seed: 11986475377592459006

43 Conn the Firebug (level 3, 21/21 HPs)
             Began as an Octopode Fire Elementalist on Aug 14, 2021.
             Quit the game on level 2 of the Dungeon.
             The game lasted 00:03:22 (1452 turns).

Conn the Firebug (Octopode Fire Elementalist)       Turns: 1452, Time: 00:03:23

Health: 21/21      AC:  1    Str:  7    XL:     3   Next: 58%
Magic:  7/7        EV: 13    Int: 18    God:
Gold:   14         SH:  0    Dex: 12    Spells: 6/7 levels left

rFire   . . .      SeeInvis .   (no weapon)
rCold   . . .      Faith    .   (no shield)
rNeg    . . .      Spirit   .   (helmet restricted)
rPois   .          Reflect  .   (no amulet)
rElec   .          Harm     .   (no ring)
rCorr   .          Rampage  .   (no ring)
Will    .....                   (no ring)
Stlth   +++.......              (no ring)
HPRegen 0.07/turn               (no ring)
MPRegen 0.10/turn               (no ring)
                                (no ring)
                                (no ring)

@: no status effects
A: almost no armour, amphibious, 8 rings, camouflage 1, gelatinous body 1,
(nimble swimmer 1), tentacles
a: no special abilities


You were on level 2 of the Dungeon.
You visited 1 branch of the dungeon, and saw 2 of its levels.

You collected 14 gold pieces.

Inventory:

Hand Weapons
 g - a +0 short sword
Missiles
 b - 5 javelins
Scrolls
 d - a scroll of magic mapping {unknown}
 e - a scroll of identify {unknown}
Potions
 a - 2 potions of curing {unknown}
 c - a potion of degeneration {unknown}
 f - a potion of lignification {unknown}


   Skills:
 + Level 2.1 Dodging
 + Level 2.7 Stealth
 + Level 2.6 Spellcasting
 + Level 1.3 Conjurations
 + Level 3.7 Fire Magic


You had 6 spell levels left.
You knew the following spells:

 Your Spells              Type           Power      Damage    Failure   Level
a - Foxfire               Conj/Fire      44%        2x1d6     6%          1

Your spell library contained the following spells:

 Spells                   Type           Power      Damage    Failure   Level
 Conjure Flame            Conj/Fire      11%        6-21      19%         3
 Inner Flame              Hex/Fire       9%         N/A       24%         3
 Sticky Flame             Conj/Fire      11%        2d3       52%         4
 Fireball                 Conj/Fire      5%         3d5       86%         5


Dungeon Overview and Level Annotations

Branches:
Dungeon (2/15)

Altars:


Innate Abilities, Weirdness & Mutations

You cannot wear most types of armour.
You are amphibious.
You can wear up to eight rings at the same time.
Your skin changes colour to match your surroundings (Stealth+).
Your rubbery body absorbs attacks. (AC +1, EV +1)
((You are camouflaged near water. (Stealth+)))
You have tentacles for arms and can constrict up to eight enemies at once.


Message History

You constrict the kobold, but do no damage.
The kobold misses you.
You tentacle-slap the kobold but do no damage.
The kobold is moderately wounded.
You constrict the kobold, but do no damage.
The kobold hits you with a +0 short sword.
You tentacle-slap the kobold.
The kobold is severely wounded.
You constrict the kobold, but do no damage.
The kobold hits you but does no damage.
You tentacle-slap the kobold but do no damage.
You squeeze the kobold.
You kill the kobold!
Your magical contamination has completely faded away.
Things that are here:
a +0 short sword; a stone
g - a +0 short sword
Okay, then.
Things that are here:
a +0 short sword; a bat corpse An endoplasm comes into view.
Really attack while wielding nothing? [Y]es or [N]o only, please.
Really attack while wielding nothing?
Okay, then.
The endoplasm quivers.
Okay, then.
Really attack while wielding nothing?
Okay, then.
Unknown command.
Okay, then.
Okay, then.
Okay, then.
Okay, then.
Unknown command.
You are already empty-tentacled.
Okay, then.
Unknown command.
Unknown command.
Are you sure you want to abandon this character and quit the game? (Confirm with "yes".)

. #.#.# #............#.## #..
#.#.# #..#......#..... .... #.#.#
#..#......#.... .... #.#.#
#..#......#...#####.# #.#.#
#..#...#..#......##.#
#.#.###..#...#..#......##.#
#........#####..#......##.#
.....####.###.....##......##.##.#
...............@.........##.##.#
#..........#..##J#.............#
..........#..##.#...#..##......
#..######.#..##.#...#..##..##.#
#..##...#.#..##.............#.#
#..#....#.#...+................
.##.<#....#.#.#.#....#....#..##.#
....†.†...#.#.#.#.#..#.#.........
......w...# ............>........


You could see an endoplasm.

Vanquished Creatures
  An adder (D:2)
  A bat (D:2)
  6 endoplasms
  A giant cockroach (D:1)
  3 goblins
  3 hobgoblins
  3 kobolds
  4 quokkas
  2 ball pythons (D:1)
  2 frilled lizards
  4 rats
30 creatures vanquished.

Vanquished Creatures (others)
  94 foxfires
94 creatures vanquished.

Grand Total: 124 creatures vanquished

Notes
Turn   | Place    | Note
-------+----------+-------------------------------------------
     0 | D:1      | Conn the Octopode Fire Elementalist began the quest for the
                  | Orb.
     0 | D:1      | Reached XP level 1. HP: 11/11 MP: 3/3
   147 | D:1      | Reached XP level 2. HP: 17/17 MP: 0/5
  1089 | D:2      | Reached XP level 3. HP: 21/21 MP: 1/6
  1452 | D:2      | Quit the game

Illustrated notes

Levels and vault maps discovered:
D:1:      sevenhm_arrival_forest_fort_large_2, layout_rooms,
          serial_corexii_hall, chequers_hall_statues_corner_a,
          chequers_hall_statues_corner_a, chequers_hall_statues_y,
          corexii_hall_statues_u
D:2:      layout_basic

Action                   || total
-------------------------++-------
Melee: Unarmed           ||    15
       Constrict         ||     3
       Tentacles         ||     1
 Cast: Foxfire           ||    55
Armor: Skin              ||     3
Dodge: Dodged            ||    11

Table legend: (Time is in decaauts)
 A = Elapsed time spent in this place.
 B = Non-inter-level travel time spent in this place.
 C = Inter-level travel time spent in this place.
 D = Time resting spent in this place.
 E = Time spent auto-exploring this place.
 F = Levels seen in this place.
 G = Mean time per level.
                   A        B        C        D        E       F      G
               +--------+--------+--------+--------+--------+-----+--------+
         Total |   1452 |   1392 |     60 |     51 |   1020 |   2 |  726.0 |
       Dungeon |   1452 |   1392 |     60 |     51 |   1020 |   2 |  726.0 |
               +--------+--------+--------+--------+--------+-----+--------+

Top non-repeatable levels by time:
     D:1: 1060 daAuts
     D:2: 392 daAuts
